 Dungeon Crawl Stone Soup version 0.28.0-47-ge53b351184 (webtiles) character file.

Game seed: 17490294662612364246

63 Icepheonix32 the Chiller (level 3, -3/24 HPs)
             Began as a Demonspawn Ice Elementalist on May 3, 2022.
             Slain by an ogre
             ... wielding a +0 giant club
              (9 damage)
             ... on level 3 of the Dungeon.
             The game lasted 00:03:18 (2946 turns).

Icepheonix32 the Chiller (DsIE)                     Turns: 2946, Time: 00:03:18

Health: -3/24      AC:  2    Str: 10    XL:     3   Next: 87%
Magic:  6/6        EV: 12    Int: 16    God:
Gold:   114        SH:  0    Dex: 13    Spells: 5/6 levels left

rFire   . . .      SeeInvis .   f - +0 hand axe
rCold   . . .      Faith    .   (no shield)
rNeg    . . .      Spirit   .   a - +0 robe
rPois   .          Reflect  .   (no helmet)
rElec   .          Harm     .   (no cloak)
rCorr   .          Rampage  .   (no gloves)
Will    .....                   (no boots)
Stlth   ++........              (no amulet)
HPRegen 0.08/turn               (no ring)
MPRegen 0.10/turn               (no ring)

@: brilliant, flying
A: demonic guardian 1, demonic touch 1
a: no special abilities


You were on level 3 of the Dungeon.
You visited 1 branch of the dungeon, and saw 3 of its levels.

You collected 114 gold pieces.

Inventory:

Hand Weapons
 f - a +0 hand axe (weapon)
Armour
 a - a +0 robe (worn)
Scrolls
 b - 2 scrolls of vulnerability {unknown}
 c - a scroll of fog {unknown}
 g - a scroll of identify {unknown}
 j - a scroll of blinking {unknown}
Potions
 e - a potion of cancellation
 h - a potion of brilliance


   Skills:
 + Level 0.2 Fighting
 - Level 1.7 Dodging
 - Level 1.7 Stealth
 * Level 0.4 Unarmed Combat
 - Level 2.0 Spellcasting
 * Level 4.9 Ice Magic


You had 5 spell levels left.
You knew the following spells:

 Your Spells              Type           Power      Damage    Failure   Level
a - Freeze                Ice            100%       1d11      2%          1

Your spell library contained the following spells:

 Spells                   Type           Power      Damage    Failure   Level
 Frozen Ramparts          Ice            52%        1d7       9%          3
 Ozocubu's Armour         Ice            26%        N/A       9%          3
 Blink                    Tloc           4%         N/A       30%         2
 Hailstorm                Conj/Ice       14%        3d5       58%         4
 Manifold Assault         Tloc           2%         N/A       99%         5
 Storm Form               Tmut/Air       1%         N/A       100%        7


Dungeon Overview and Level Annotations

Branches:
Dungeon (3/15)

Altars:
Ashenzari

Annotations:
D:2 Sigmund


Innate Abilities, Weirdness & Mutations

A weak demonic guardian rushes to your aid.
Your touch may inflict minor irresistible damage on your foes.


Message History

Unknown command.
It was a potion of brilliance.
You feel clever all of a sudden. The goblin hits you with a +0 dagger.
The goblin closely misses you.
Unknown command.
It was a potion of flight.
You feel very buoyant.
You fly up into the air.
The goblin hits you with a +0 dagger. The goblin hits you with a +0 club.
Unknown command.
The goblin barely misses you. The goblin misses you.
The goblin closely misses you.
Found a throwing net.
You closely miss the goblin.
The goblin is moderately wounded.
The goblin hits you with a +0 dagger. The goblin barely misses you.
You hit the goblin.
You kill the goblin!
The goblin hits you with a +0 club.
You hit the goblin. Your touch misses the goblin.
The goblin is moderately wounded.
The goblin hits you with a +0 club.
You closely miss the goblin.
You touch the goblin.
You kill the goblin!
You hit the goblin.
The goblin is moderately wounded.
The goblin closely misses you. The goblin hits you with a +0 club.
* * * LOW HITPOINT WARNING * * *
You hit the goblin.
You kill the goblin!
The goblin closely misses you.
Okay, then.
You hit the goblin.
You kill the goblin!
The goblin closely misses you.
You hit the goblin.
You kill the goblin!
The ogre hits you with a +0 giant club!
You die...

###...........#####...#
...^..................#
...#.#####...#...#....#
.#.#.# #...#.#.#....#
##.... +...+.#.#....#
..#.# #...###.#..g.#
##### #......g...).#
.....##O####)#
......##@# g(.# ... #.#
#.O.# .# #.# #(..# ...
##### ..# #..# ....
(.##


You could see an ogre and a goblin.

Vanquished Creatures
  An adder (D:2)
  A worm (D:3)
  6 endoplasms
  7 goblins (D:3)
  2 hobgoblins
  7 jackals (D:1)
  2 kobolds
  3 quokkas
  5 ball pythons
  A bat (D:3)
  2 frilled lizards (D:2)
  4 rats
41 creatures vanquished.

Vanquished Creatures (collateral kills)
  A worm (D:2)
  An endoplasm (D:1)
2 creatures vanquished.

Grand Total: 43 creatures vanquished

Notes
Turn   | Place    | Note
-------+----------+-------------------------------------------
     0 | D:1      | Icepheonix32 the Demonspawn Ice Elementalist began the
                  | quest for the Orb.
     0 | D:1      | Reached XP level 1. HP: 13/13 MP: 3/3
   516 | D:1      | Reached skill level 4 in Ice Magic
   523 | D:1      | Gained mutation: A weak demonic guardian rushes to your
                  | aid. [demonic ancestry]
   523 | D:1      | Reached XP level 2. HP: 15/19 MP: 0/5
   958 | D:1      | Found a faded altar of an unknown god.
  1720 | D:2      | Noticed Sigmund
  1792 | D:2      | Gained mutation: Your touch may inflict minor irresistible
                  | damage on your foes. [demonic ancestry]
  1792 | D:2      | Reached XP level 3. HP: 22/24 MP: 1/6
  2237 | D:2      | Found a broken altar of Ashenzari.
  2922 | D:3      | Noticed an ogre
  2946 | D:3      | Slain by an ogre

Illustrated notes

Levels and vault maps discovered:
D:1:      matt_arrival_debris, layout_basic, nicolae_ecumenical_snake_handling,
          minivault_27, nrook_mini_backslash
D:2:      layout_basic, basic_altar, uniq_terence, uniq_sigmund
D:3:      layout_basic, roderic_roman_lattice, hangedman_decor_diamond_cutter,
          minmay_misc_feat_tiny, minmay_ogre_servants

Skill      XL: |  1 |
---------------+----+-----
Ice Magic      | 4 |  4.9
Fighting       | |  0.2
Dodging        | |  1.7
Stealth        | |  1.7
Unarmed Combat | |  0.4
Spellcasting   | |  2.0

Action                   || total
-------------------------++-------
Melee: Unarmed           ||     3
       Hand axe          ||    56
       Touch             ||     4
       Punch             ||     1
 Cast: Freeze            ||    47
  Use: Potion            ||     4
 Stab: Sleeping          ||     1
Armor: Robe              ||    16
Dodge: Dodged            ||    81
